 Dungeon Crawl Stone Soup version 0.30.0-15-g856e2d3f33 (webtiles) character file.

Game seed: 4042633901403125144

1629 Sanktem7 the Cleaver (level 8, -1/71 HPs)
             Began as a Minotaur Fighter on May 19, 2023.
             Slain by a gnoll sergeant
             ... wielding a +0 spear
              (8 damage)
             ... on level 6 of the Dungeon.
             The game lasted 00:09:26 (4824 turns).

Sanktem7 the Cleaver (Minotaur Fighter)             Turns: 4824, Time: 00:09:26

Health: -1/71      AC: 13    Str: 23    XL:     8   Next: 65%
Magic:  0/7        EV: 13    Int:  5    God:
Gold:   313        SH:  5    Dex: 10    Spells: 7/7 levels left

rFire   . . .        a - +1 war axe (freeze) {axe}
rCold   . . .        c - +0 buckler
rNeg    . . .        h - +0 chain mail
rPois   .            (helmet restricted)
rElec   .            (no cloak)
rCorr   +            (no gloves)
SInv    .            q - +2 pair of boots
Will    .....        u - amulet of guardian spirit Stlth
                     m - ring of resist corrosion
HPRegen 0.31/turn    D - +5 ring of evasion
MPRegen 0.10/turn

%: guardian spirit
@: no status effects
A: horns 2, retaliatory headbutt
a: no special abilities


You were on level 6 of the Dungeon.
You visited 2 branches of the dungeon, and saw 7 of its levels.
You also visited: Sewer.

You collected 313 gold pieces.


Innate Abilities, Weirdness & Mutations

You have a pair of horns on your head.
You reflexively headbutt those who attack you in melee.


   Skills:
 + Level 6.6 Fighting
 * Level 8.2 Axes
 + Level 3.2 Throwing
 + Level 6.6 Armour
 + Level 6.6 Shields


You had 7 spell levels left.
You didn't know any spells.
Your spell library contained the following spells:

 Spells                   Type           Power      Damage    Failure   Level
 Dazzling Flash           Conj/Hex       0%         N/A       100%        3
 Agony                    Necr           0%         N/A       100%        5
 Silence                  Hex/Air        0%         N/A       100%        5

Inventory:

Hand Weapons
 a - a +1 war axe of freezing (weapon) {axe}
 w - a +1 flail of protection {mace}
   (You took it off Edmund on level 4 of the Dungeon)
Missiles
 e - 99 stones (quivered) {throwing}
 p - 6 silver javelins {throwing}
 G - 6 poisoned darts {throwing}
 J - 3 boomerangs {throwing}
 K - 3 silver boomerangs {throwing}
Armour
 c - a +0 buckler (worn)
 h - a +0 chain mail (worn)
   (You found it on level 1 of the Dungeon)
 q - a +2 pair of boots (worn)
   (You found it on level 2 of the Dungeon)
Jewellery
 m - a ring of resist corrosion (left hand)
   (You found it on level 2 of the Dungeon)
 u - an amulet of guardian spirit (around neck)
   (You found it on level 2 of the Dungeon)
 D - a +5 ring of evasion (right hand)
   (You found it on level 3 of the Dungeon)
 F - a +6 ring of dexterity
   (You found it on level 4 of the Dungeon)
Wands
 r - a wand of paralysis (9)
   (You found it on level 4 of the Dungeon)
 y - a wand of digging (7)
   (You took it off Sigmund on level 3 of the Dungeon)
Scrolls
 f - a scroll of identify {@r1}
 s - 2 scrolls of magic mapping {!r}
 x - 2 scrolls of teleportation {@r4}
Potions
 b - a potion of degeneration {unknown}
 d - a potion of might
 g - 3 potions of curing {@q1}
 j - 2 potions of resistance
 l - 4 potions of haste {@q3}
 o - 3 potions of mutation {!q}
 v - a potion of brilliance {unknown}
 z - a potion of attraction {unknown}
 A - a potion of invisibility {unknown}
 B - a potion of heal wounds {unknown}
 E - 2 potions of flight {unknown}

Dungeon Overview and Level Annotations

Branches:
Dungeon (6/15) Zot: 26873  Temple (1/1) D:4 Zot: 5967   Sewer (visited)

Altars:
Ashenzari
Cheibriados
Dithmenos
Elyvilon
Fedhas
Gozag
Hepliaklqana
Makhleb
Nemelex Xobeh
Qazlal
Ru
Sif Muna
Trog
Uskayaw
Vehumet
Wu Jian
Xom
Zin
The Shining One

Annotations:
Temple 4 transporters

........
...#########..
.....#
#.........$..
.....#
#............
.....#
#...>........
#[..##
#....).......
.....##
#...Y.)......
8...8.##
####g########
.......# #Y#
..⌠....#########@#
)................#
8...8.############
.....## #...##
#####


You could see 2 yaks and a gnoll sergeant.


Message History

😎 HP[+19] MP[+1]
Your hp is fully restored (71).
Your mp is fully restored (7).
A gnoll is nearby!
A gnoll is nearby!
No reachable target in view!
No reachable target in view!
No reachable target in view!
Unknown command.
A gnoll is nearby!
The teleport trap disappears.
The gnoll disappears!
f - a scroll of identify {@r1} A gnoll sergeant and a gnoll come into view.
The gnoll sergeant shouts!
You hear a bellow!
There are monsters nearby!
A yak and a gnoll come into view.
The yak bellows!
The gnoll shouts!
The gnoll sergeant hits you but does no damage.
The yak moves out of view.
A yak comes into view.
The gnoll barely misses you. The gnoll sergeant closely misses you.
A yak comes into view.
You closely miss the gnoll sergeant. You hit the gnoll. You freeze the gnoll.
The gnoll sergeant hits you but does no damage.
The gnoll misses you.
You barely miss the gnoll. You headbutt the gnoll. You hit the gnoll.
You freeze the gnoll. You hit the gnoll sergeant.
You freeze the gnoll sergeant. The gnoll hits you with a +0 flail.
You block the gnoll's attack.
The gnoll sergeant hits you but does no damage. 😕 HP[-2] MP[-1]
You take 2 damage, and now have 69/71 hp.
You lost 1 mp, and now have 6/7 mp.
You barely miss the gnoll. You headbutt the gnoll.
You kill the gnoll!
You barely miss the gnoll sergeant. You hit the gnoll but do no damage.
You block the gnoll's attack.
The gnoll sergeant hits you but does no damage.
Your Axes skill increases to level 8! 😕 HP[+1]
You barely miss the gnoll. You closely miss the gnoll sergeant.
The gnoll hits you with a +0 flail! The gnoll sergeant misses you.
You furiously retaliate!
You headbutt the gnoll sergeant! You hit the gnoll sergeant.
You freeze the gnoll sergeant. You hit the gnoll. You freeze the gnoll.
You block the gnoll's attack.
The gnoll sergeant hits you but does no damage. 😕 HP[-9]
You take 9 damage, and now have 61/71 hp.
You hit the gnoll sergeant. You freeze the gnoll sergeant.
You barely miss the gnoll. You closely miss the yak.
The gnoll closely misses you. You block the gnoll sergeant's attack.
The yak gores you. 😕 HP[-3]
You take 3 damage, and now have 58/71 hp.
You closely miss the gnoll sergeant. You closely miss the gnoll.
You completely miss the yak.
The gnoll sergeant hits you but does no damage.
The gnoll closely misses you. You furiously retaliate!
You headbutt the gnoll!
You kill the gnoll!
The yak closely misses you.
You hit the gnoll sergeant but do no damage.
You barely miss the yak. You closely miss the yak.
The yak gores you but does no damage. The yak gores you.
The gnoll sergeant hits you with a +0 spear.
The yak completely misses you. You block the yak's attack.
You block the gnoll sergeant's attack. The yak gores you! 😮 HP[-15] MP[-2]
You take 15 damage, and now have 43/71 hp.
MASSIVE DAMAGE!! (PAUSE)
You lost 2 mp, and now have 4/7 mp.
You are too injured to fight recklessly!
The gnoll sergeant barely misses you. 😮 HP[+1] 😮 MP[+1]
You hit the yak. You freeze the yak. Your headbutt misses the yak.
The yak gores you but does no damage. 😮 HP[+1]
You hit the yak. You freeze the yak. You headbutt the yak.
You block the yak's attack.
You barely miss the yak. The yak gores you. 😮 HP[-4] MP[-1]
You take 4 damage, and now have 41/71 hp.
You lost 1 mp, and now have 4/7 mp.
You slash the yak! You freeze the yak. The yak gores you!
* * * LOW HITPOINT WARNING * * *
😨 HP[-11] MP[-1]
You take 11 damage, and now have 30/71 hp.
You lost 1 mp, and now have 3/7 mp.
You slash the yak! You freeze the yak. The yak closely misses you.
You slash the yak! You freeze the yak.
You kill the yak!
You barely miss the yak. The yak gores you!
* * * LOW HITPOINT WARNING * * *
😨 HP[-11] MP[-1]
You take 11 damage, and now have 19/71 hp.
You lost 1 mp, and now have 2/7 mp.
You closely miss the yak. The yak gores you!
* * * LOW HITPOINT WARNING * * *
The gnoll sergeant hits you but does no damage.
The gnoll sergeant hits you from afar with a +0 spear!
You die...

Skill      XL: |  1  2  3  4  5  6  7  8 |
---------------+-------------------------+-----
Axes           | 3 4 5 6 7 8 |  8.2
Armour         | 4 5 6 |  6.6
Shields        | 4 5 6 |  6.6
Fighting       | 4 5 6 |  6.6
Throwing       | 1 2 3 |  3.2

Action                     |  1- 3 |  4- 6 |  7- 9 || total
---------------------------+-------+-------+-------++-------
  Melee: War axe           |    82 |    92 |   131 ||   305
         Headbutt          |     7 |    14 |    26 ||    47
    Use: Scroll            |       |       |    14 ||    14
 Armour: Scale mail        |    23 |       |       ||    23
         Chain mail        |    29 |    54 |    66 ||   149
  Dodge: Dodged            |    47 |    44 |    85 ||   176
  Block: Buckler           |    13 |    26 |    44 ||    83

Levels and vault maps discovered:
D:1:      zelgadis_glass_arrival_small, layout_basic, st_stairs_5,
          amethyst_killhole
D:2:      layout_loops_corners, cheibrodos_gnoll_hut
D:3:      layout_loops_ring, portal_sewer_entry_d, st_stairs_8, uniq_natasha,
          uniq_sigmund
D:4:      layout_gridville, minmay_temple_entry_statues_fountains, uniq_edmund
D:5:      layout_basic, uniq_menkaure
D:6:      layout_basic, wad_floor_pattern_untrapped, dk_rats_in_the_wall
Temple:   hellmonk_temple_divided_pantheon

Notes
Turn   | Place    | Note
-------+----------+-------------------------------------------
     0 | D:1      | Sanktem7 the Minotaur Fighter began the quest for the Orb.
     0 | D:1      | Reached XP level 1. HP: 19/19 MP: 0/0
     0 | D:1      | magus.rc [v1.9.6]
    40 | D:1      | Reached XP level 2. HP: 18/27 MP: 1/1
    98 | D:1      | Reached skill level 3 in Axes
   343 | D:1      | Reached XP level 3. HP: 33/33 MP: 2/2
   344 | D:1      | Reached skill level 4 in Armour
   344 | D:1      | Reached skill level 4 in Shields
   345 | D:1      | Reached skill level 4 in Fighting
  1204 | D:2      | Reached XP level 4. HP: 40/40 MP: 3/3
  1241 | D:2      | Reached skill level 4 in Axes
  1962 | D:3      | Noticed Natasha
  1968 | D:3      | Killed Natasha
  1969 | D:3      | Reached XP level 5. HP: 40/47 MP: 4/4
  2072 | D:3      | Noticed Sigmund
  2082 | D:3      | Killed Sigmund
  2083 | D:3      | Reached skill level 5 in Fighting
  2083 | D:3      | Reached skill level 5 in Axes
  2083 | D:3      | Reached skill level 5 in Armour
  2083 | D:3      | Reached skill level 5 in Shields
  2083 | D:3      | Reached XP level 6. HP: 39/56 MP: 3/5
  2218 | D:3      | Found a glowing drain.
  2227 | Sewer    | Entered a sewer
  2313 | Sewer    | Noticed a water moccasin
  2319 | Sewer    | Killed a water moccasin
  2468 | D:3      | Noticed Natasha
  2479 | D:3      | Killed Natasha
  2508 | D:3      | Noticed Natasha
  2513 | D:3      | Killed Natasha
  2514 | D:3      | Reached skill level 1 in Throwing
  2567 | D:3      | Reached skill level 6 in Axes
  2611 | D:3      | Reached XP level 7. HP: 61/61 MP: 6/6
  2990 | D:4      | You pick up a book of the Senses and begin reading...
  2990 | D:4      | You add the spells Dazzling Flash, Agony and Silence to
                  | your library.
  3103 | D:4      | Found a staircase to the Ecumenical Temple.
  3107 | D:4      | Noticed Edmund
  3123 | D:4      | Killed Edmund
  3145 | Temple   | Entered the Ecumenical Temple
  3145 | Temple   | Found a transporter.
  3145 | Temple   | Found a transporter.
  3147 | Temple   | Found a transporter.
  3147 | Temple   | Found a transporter.
  3686 | D:4      | Reached skill level 2 in Throwing
  3749 | D:5      | Entered Level 5 of the Dungeon
  3893 | D:5      | Reached skill level 7 in Axes
  4168 | D:5      | Reached skill level 6 in Fighting
  4168 | D:5      | Reached XP level 8. HP: 70/70 MP: 7/7
  4188 | D:5      | Reached skill level 6 in Armour
  4188 | D:5      | Reached skill level 6 in Shields
  4324 | D:5      | Noticed Menkaure
  4330 | D:5      | Killed Menkaure
  4711 | D:6      | Reached skill level 3 in Throwing
  4809 | D:6      | Reached skill level 8 in Axes
  4824 | D:6      | HP: 7/71 [yak (12)]
  4824 | D:6      | Slain by a gnoll sergeant

Vanquished Creatures
  Sigmund (D:3)
  A yak (D:6)
  Menkaure (D:5)
  A water moccasin (Sewer)
  Edmund (D:4)
  An ice beast (D:6)
  2 ogres
  A scorpion (D:5)
  A jelly (D:4)
  A hound (D:4)
  An orc priest (D:5)
  A gnoll bouda (D:5)
  Natasha (thrice) (D:3)
  An iguana (D:5)
  2 orc wizards (D:4)
  2 sleepcaps (D:5)
  8 gnolls
  11 adders
  A shadow imp (D:5)
  A white imp (D:5)
  An ufetubus (D:4)
  2 worms
  4 dart slugs
  10 orcs
  5 endoplasms
  2 giant cockroaches
  4 goblins
  10 hobgoblins
  15 jackals
  5 kobolds
  6 quokkas
  9 ball pythons
  8 bats
  3 frilled lizards
  3 rats (D:1)
129 creatures vanquished.

Table legend:
 A = Non-vault XP
 B = Vault XP
 C = Vault XP percentage of total XP
 D = Non-vault monster count
 E = Vault monster count
 F = Vault count percentage of total count
                 A         B        C        D         E       F
            +---------+---------+-------+---------+---------+-------
      Total |    1522 |     806 |  34.6 |     114 |      15 |  11.6
            +---------+---------+-------+---------+---------+-------
        D:1 |      64 |       6 |   8.6 |      35 |       3 |   7.9
        D:2 |      93 |      18 |  16.2 |      17 |       3 |  15.0
        D:3 |     112 |     282 |  71.6 |      17 |       4 |  19.0
        D:4 |     340 |     154 |  31.2 |      19 |       1 |   5.0
        D:5 |     505 |     183 |  26.6 |      20 |       1 |   4.8
        D:6 |     408 |       0 |   0.0 |       6 |       0 |   0.0
      Sewer |       0 |     163 | 100.0 |       0 |       3 | 100.0
            +---------+---------+-------+---------+---------+-------

Skill      XL: |  1  2  3  4  5  6  7  8 |
---------------+-------------------------+-----
Axes           | 3 4 5 6 7 8 |  8.2
Armour         | 4 5 6 |  6.6
Shields        | 4 5 6 |  6.6
Fighting       | 4 5 6 |  6.6
Throwing       | 1 2 3 |  3.2

Action                     |  1- 3 |  4- 6 |  7- 9 || total
---------------------------+-------+-------+-------++-------
  Melee: War axe           |    82 |    92 |   131 ||   305
         Headbutt          |     7 |    14 |    26 ||    47
    Use: Scroll            |       |       |    14 ||    14
 Armour: Scale mail        |    23 |       |       ||    23
         Chain mail        |    29 |    54 |    66 ||   149
  Dodge: Dodged            |    47 |    44 |    85 ||   176
  Block: Buckler           |    13 |    26 |    44 ||    83

Illustrated notes

Table legend:
 A = Kills in this place as a percentage of kills in the entire game.
 B = Kills by you in this place as a percentage of kills by you in the entire game.
 C = Kills by friends in this place as a percentage of kills by friends in the entire game.
 D = Other kills in this place as a percentage of other kills in the entire game.
 E = Experience gained in this place as a percentage of experience gained in the entire game.
 F = Experience gained in this place divided by the number of levels of this place that you have seen.
                   A       B       C       D       E      F
               +-------+-------+-------+-------+-------+----------------------
         Total | 100.0 | 100.0 |   N/A |   N/A | 100.0 | 291.0
       Dungeon |  97.7 |  97.7 |   N/A |   N/A |  93.0 | 360.8
         Sewer |   2.3 |   2.3 |   N/A |   N/A |   7.0 | 163.0
               +-------+-------+-------+-------+-------+----------------------

Table legend: (Time is in decaauts)
 A = Elapsed time spent in this place.
 B = Non-inter-level travel time spent in this place.
 C = Inter-level travel time spent in this place.
 D = Time resting spent in this place.
 E = Time spent auto-exploring this place.
 F = Levels seen in this place.
 G = Mean time per level.
                   A        B        C        D        E       F      G
               +--------+--------+--------+--------+--------+-----+--------+
         Total |   4921 |   4745 |    176 |    100 |   3658 |   8 |  615.1 |
       Dungeon |   4691 |   4515 |    176 |    100 |   3510 |   6 |  781.8 |
        Temple |     32 |     32 |      0 |      0 |      0 |   1 |   32.0 |
         Sewer |    197 |    197 |      0 |      0 |    147 |   1 |  197.0 |
               +--------+--------+--------+--------+--------+-----+--------+

Top non-repeatable levels by time:
     D:1: 971 daAuts
     D:2: 965 daAuts
     D:5: 960 daAuts
     D:3: 847 daAuts
     D:4: 821 daAuts
   Sewer: 197 daAuts
     D:6: 125 daAuts
  Temple: 32 daAuts
